 Dungeon Crawl Stone Soup version 0.21-a0-444-g29a2fec (webtiles) character file.

1245 Ijustatesigmund the Skirmisher (level 8, -2/58 HPs)
             Began as an Octopode Artificer on Nov 16, 2017.
             Was a Follower of Okawaru.
             Slain by a howler monkey (7 damage)
             ... on level 6 of the Dungeon on Nov 17, 2017.
             The game lasted 00:17:21 (7305 turns).

Ijustatesigmund the Skirmisher (Octopode Artificer) Turns: 7305, Time: 00:17:21

Health: -2/58      AC:  1    Str: 12      XL:     8   Next: 50%
Magic:  11/11      EV: 13    Int: 13      God:    Okawaru [*.....]
Gold:   181        SH:  0    Dex: 12 (14) Spells: 7/7 levels left

rFire    . . .     SeeInvis .   a - +0 flail
rCold    . . .     Gourm    .   (no shield)
rNeg     . . .     Faith    .   (helmet restricted)
rPois    .         Spirit   .   (no amulet)
rElec    .         Reflect  .   (no ring)
rCorr    .         Harm     .   (no ring)
MR       .....                  (no ring)
Stlth    +++.......             (no ring)
HPRegen  0.19/turn              (no ring)
MPRegen  0.12/turn              (no ring)
                                (no ring)
                                (no ring)

@: no status effects
A: almost no armour, stealthy swim, amphibious, 8 rings, constrict 8, camouflage
1, gelatinous body 1
a: Heroism, Renounce Religion


You were on level 6 of the Dungeon.
You worshipped Okawaru.
Okawaru was aware of your devotion.
You were hungry.

You visited 1 branch of the dungeon, and saw 6 of its levels.

You collected 181 gold pieces.

Inventory:

Hand Weapons
 a - a +0 flail (weapon)
Wands
 b - a wand of flame (7/48)
 c - a wand of enslavement (3/24)
 d - a wand of random effects (9/48)
 j - a wand of random effects (11/48)
 o - a wand of polymorph (16/24)
Scrolls
 e - a scroll of magic mapping
 i - a scroll of identify
 m - 2 scrolls of remove curse
 s - a scroll of enchant armour
Potions
 g - 2 potions of flight
 k - a potion of cancellation
 n - a potion of resistance
 q - a potion of curing
Books
 t - a book of Changes

   Spells                             Type                      Level
   a - Beastly Appendage              Transmutation                1
   b - Sticks to Snakes               Transmutation                2
   c - Spider Form                    Transmutation/Poison         3
   d - Ice Form                       Ice/Transmutation            4
   e - Blade Hands                    Transmutation                5
Comestibles
 f - 2 bread rations
 h - a meat ration
 r - 3 fruits


   Skills:
 + Level 6.5 Fighting
   Level 1.0 Short Blades
 + Level 6.0 Maces & Flails
 - Level 2.0 Dodging
 - Level 1.3 Stealth
 + Level 4.4 Invocations
 - Level 3.2 Evocations


You had 7 spell levels left.
You didn't know any spells.

Dungeon Overview and Level Annotations

Branches:
Dungeon (6/15)
 Temple: D:4-7

Altars:
Cheibriados
Okawaru
Zin

Shops:
D:6 =![


Innate Abilities, Weirdness & Mutations

You cannot wear most types of armour.
You are very stealthy in the water. (Stealth+)
You are amphibious.
You can wear up to eight rings at the same time.
You can use your tentacles to constrict eight enemies at once.
Your skin changes colour to match your surroundings (Stealth+).
Your rubbery body absorbs attacks. (AC +1, EV +1)


Message History

Nothing appears to happen.
This wand has 9 charges left.
You hear a tremendous hooting and howling!
You hear a shout! x7
You feel better.
You start resting.
Something hits you. Something hits you but does no damage.
You barely miss something. Something hits you.
You miss something. Something barely misses you.
You hit something. You squeeze something. Something hits you! x2
* * * LOW HITPOINT WARNING * * *
You barely miss something. Something hits you.
* * * LOW HITPOINT WARNING * * *
You miss something. Something barely misses you.
Evoke which item? (* to show all) (? for menu, Esc to quit)
Aiming: Random Effects (will waste charges)
Press: ? - help, Shift-Dir - straight line, f - orc priest
Aim: an orc priest, wielding a trident The puff of flame hits something.
Evoking this partially-identified wand wasted a few charges.
Something hits you!
You die...

###### #
#...@#
.####o####
####
##......#
?..#
....#####
##.###.o..#
#.8.8o8..##
##.⌠o⌠....#
##8.∩.8.....
#..h.⌠..##..


You could see an orc priest.

Vanquished Creatures
  Grinder (D:3)
  An ice beast (D:6)
  An ogre (D:6)
  2 bullfrogs (D:6)
  2 scorpions (D:4)
  A quasit (D:6)
  2 bullfrog zombies
  A centaur zombie (D:5)
  A centaur skeleton (D:6)
  A hound (D:5)
  Crazy Yiuf (D:3)
  Jessica (D:2)
  An iguana (D:5)
  2 worker ants
  Natasha (D:3)
  2 hound skeletons (D:4)
  5 gnolls
  7 adders
  An adder skeleton (D:3)
  4 worms
  2 dart slugs (D:1)
  2 leopard geckos
  4 orcs
  10 bats
  4 giant cockroaches
  3 goblins
  10 hobgoblins
  9 jackals
  8 kobolds
  A quokka (D:5)
  3 ball pythons
  5 frilled lizards
  A jackal skeleton (D:4)
  A jackal zombie (D:4)
  2 leopard gecko zombies (D:4)
  2 quokka skeletons
  A quokka zombie (D:4)
  9 rats
115 creatures vanquished.

Vanquished Creatures (collateral kills)
  An orc wizard (D:4)
  3 gnolls
  A kobold (D:3)
5 creatures vanquished.

Vanquished Creatures (others)
  Natasha (D:3)
  A worker ant (D:4)
  A gnoll (D:3)
  2 orcs (D:6)
  A goblin (D:1)
6 creatures vanquished.

Grand Total: 126 creatures vanquished

Notes
Turn   | Place    | Note
-------+----------+-------------------------------------------
     0 | D:1      | Ijustatesigmund the Octopode Artificer began the quest for the Orb.
     0 | D:1      | Reached XP level 1. HP: 13/13 MP: 3/3
   274 | D:1      | Reached XP level 2. HP: 17/19 MP: 4/4
   700 | D:1      | Found a snail-covered altar of Cheibriados.
   755 | D:1      | Reached XP level 3. HP: 15/25 MP: 5/5
   766 | D:1      | Reached skill level 1 in Maces & Flails
  1578 | D:2      | Noticed Jessica
  1583 | D:2      | Killed Jessica
  1583 | D:2      | Reached XP level 4. HP: 31/31 MP: 6/6
  1929 | D:3      | Noticed Grinder
  1933 | D:3      | Paralysed by Grinder for 3 turns
  2499 | D:3      | Reached XP level 5. HP: 36/36 MP: 7/7
  2960 | D:3      | Noticed Natasha
  2969 | D:3      | Killed Natasha
  3268 | D:3      | Found a runed door.
  3278 | D:3      | Noticed Crazy Yiuf
  3282 | D:3      | Killed Crazy Yiuf
  3338 | D:4      | Found a glowing silver altar of Zin.
  3368 | D:4      | Reached XP level 6. HP: 44/44 MP: 8/8
  3798 | D:5      | Entered Level 5 of the Dungeon
  3834 | D:4      | Found an iron altar of Okawaru.
  3849 | D:4      | Became a worshipper of Warmaster Okawaru
  3961 | D:4      | Reached skill level 1 in Invocations
  4171 | D:4      | Reached skill level 5 in Fighting
  4392 | D:3      | Paralysed by Grinder for 3 turns
  4402 | D:3      | Killed Grinder
  4402 | D:3      | Reached XP level 7. HP: 14/50 MP: 9/9
  4439 | D:3      | Noticed Natasha
  4637 | D:3      | Killed Natasha
  5125 | D:5      | Reached skill level 5 in Maces & Flails
  6234 | D:6      | Reached XP level 8. HP: 55/57 MP: 10/10
  6249 | D:6      | Reached * piety under Okawaru
  6317 | D:6      | Found Ickey's Jewellery Shoppe.
  6606 | D:6      | HP: 2/57 [ice beast (14)]
  7160 | D:6      | Found Miacost's Distillery.
  7250 | D:6      | Found Qamp's Armour Boutique.
  7260 | D:6      | Upgraded the game from 0.21-a0-442-g848f44b to 0.21-a0-444-g29a2fec
  7305 | D:6      | Slain by a howler monkey

Vault maps used:
D:1:      sevenhm_arrival_forest_fort_large_4, serial_glass, glass_columns_a,
          glass_columns_b, st_stairs_10, cheibriados_altar_1
D:2:      grunt_ministairs_7, uniq_jessica
D:3:      uniq_natasha, uniq_grinder, uniq_crazy_yiuf_cottage
D:4:      cheibrodos_helix_gallery, okawaru_gym_becter, lemuel_round_altar,
          serial_undead, serial_undead_f, serial_undead_d, serial_undead_c,
          serial_undead_f, serial_undead_e
D:5:      first_bread
D:6:      lemuel_doored_altar, grunt_temple_overflow_open,
          minmay_temple_entry_glassed_door, serial_shops,
          nicolae_shop_temple_entry_statues_fountains, shop,
          nicolae_shop_behind_doors, kennysheep_small_circle

Skill      XL: |  1  2  3  4  5  6  7  8 |
---------------+-------------------------+-----
Fighting       | 2 3 4 5 6 |  6.5
Maces & Flails | 2 3 4 5 6 |  6.0
Invocations    | 2 3 4 |  4.4
Short Blades   | |  1.0
Dodging        | |  2.0
Stealth        | |  1.3
Evocations     | |  3.2

Action                   |  1- 3 |  4- 6 |  7- 9 || total
-------------------------+-------+-------+-------++-------
Melee: Short sword       |    13 |       |       ||    13
       Constrict         |    18 |    32 |    26 ||    76
       Tentacles         |     8 |    22 |    23 ||    53
       Mace              |    47 |    47 |       ||    94
       Flail             |       |    75 |   117 ||   192
Evoke: Wand              |     3 |    10 |    14 ||    27
  Use: Scroll            |     2 |     3 |     5 ||    10
       Potion            |       |     5 |     2 ||     7
 Stab: Sleeping          |     7 |     9 |     6 ||    22
       Paralysed         |     1 |       |       ||     1
       Distracted        |       |     1 |       ||     1
  Eat: Chunk             |     2 |     6 |     5 ||    13
       Royal jelly       |       |     1 |       ||     1
       Bread ration      |       |       |     1 ||     1
Armor: Skin              |    11 |     9 |     7 ||    27
Dodge: Dodged            |    43 |    78 |    97 ||   218

Table legend:
 A = Spawn XP
 B = Non-spawn XP
 C = Spawn XP percentage of total XP
 D = Spawn monster count
 E = Non-spawn monster count
 F = Spawn count percentage of total count
 G = Total turns spent on level
                    A         B        C        D         E        F      G
               +---------+---------+-------+---------+---------+-------+---------
         Total |       0 |    1779 |   0.0 |       0 |     122 |   0.0 |  7305
               +---------+---------+-------+---------+---------+-------+---------
           D:1 |       0 |      44 |   0.0 |       0 |      26 |   0.0 |  1132
           D:2 |       0 |      77 |   0.0 |       0 |      11 |   0.0 |  1170
           D:3 |       0 |     488 |   0.0 |       0 |      29 |   0.0 |  1345
           D:4 |       0 |     337 |   0.0 |       0 |      21 |   0.0 |  1133
           D:5 |       0 |     196 |   0.0 |       0 |      16 |   0.0 |  1426
           D:6 |       0 |     637 |   0.0 |       0 |      19 |   0.0 |  1099
               +---------+---------+-------+---------+---------+-------+---------
